 Dungeon Crawl Stone Soup version 0.31.0-11-ge490571c62 (webtiles) character file.

Game seed: 9575161718702499662

3024 tilp the Cleaver (level 9, -10/83 HPs)
             Began as a Minotaur Berserker on Feb 9, 2024.
             Was a Priest of Trog.
             Mangled by an orc knight
             ... wielding a +0 glaive
              (18 damage)
             ... in a bailey.
             The game lasted 00:09:09 (7572 turns).

tilp the Cleaver (Minotaur Berserker)               Turns: 7572, Time: 00:09:10

Health: -10/83     AC: 12    Str: 26    XL:     9   Next: 55%
Magic:  0/8        EV:  8    Int:  4    God:    Trog [***...]
Gold:   36         SH:  0    Dex: 10    Spells: 8/8 levels left

rFire   . . .        a - +1 war axe
rCold   . . .        (no shield)
rNeg    . . .        g - +0 plate armour
rPois   .            (helmet restricted)
rElec   .            z - scarf {+Inv}
rCorr   .            q - +0 pair of gloves
SInv    .            (no boots)
Will    .....        f - amulet of guardian spirit Stlth
                     (no ring)
HPRegen 0.33/turn    (no ring)
MPRegen 0.11/turn

%: guardian spirit
@: on berserk cooldown, slowed, invisible, very slow
A: horns 2, retaliatory headbutt
a: Renounce Religion, Evoke Invisibility, Berserk, Trog's Hand


You were in a bailey.
You worshipped Trog.
Trog was most pleased with you.
You visited 1 branch of the dungeon, and saw 7 of its levels.
You also visited: Bailey.

You collected 366 gold pieces.
You spent 330 gold pieces at shops.

Inventory:

Hand Weapons
 a - a +1 war axe (weapon)
 b - a +2 hand axe of freezing
 A - a +0 hand axe
Missiles
 k - 37 poisoned darts
 n - 3 boomerangs (quivered)
 r - 5 atropa-tipped darts
Armour
 g - a +0 plate armour (worn)
 o - a +0 chain mail
 q - a +0 pair of gloves (worn)
 z - a scarf of invisibility (worn)
 B - an orb of mayhem
Jewellery
 f - an amulet of guardian spirit (around neck)
 y - a ring of positive energy
 D - a ring of wizardry
 E - an amulet of faith
Scrolls
 h - 3 scrolls of fear
 l - a scroll of enchant weapon
 t - a scroll of teleportation
Potions
 c - 2 potions of ambrosia
 d - 4 potions of curing
 i - 2 potions of might
 m - a potion of lignification
 p - 2 potions of haste
 s - 2 potions of magic
 u - a potion of berserk rage
 w - a potion of enlightenment
 x - a potion of mutation
 C - 2 potions of resistance


   Skills:
 + Level 9.0 Fighting
 * Level 12.0 Axes
 - Level 4.0 Armour
 - Level 6.0 Dodging
 - Level 2.0 Stealth


You had 8 spell levels left.
You didn't know any spells.
Your spell library was empty.

Dungeon Overview and Level Annotations

Branches:
Dungeon (7/15)             Temple (0/1) D:6          Bailey (1/1)

Altars:
Ashenzari
Kikubaaqudgha
Ru
Yredelemnul

Shops:
D:1 !

Annotations:
Bailey 2 runed translucent doors


Innate Abilities, Weirdness & Mutations

You have a pair of horns on your head.
You reflexively headbutt those who attack you in melee.


Message History

You barely miss the orc. Your headbutt misses the orc.
The orc barely misses you. You furiously retaliate!
You headbutt the orc!
You kill the orc!
Trog accepts your kill.
Things that are here:
a +0 trident; a +0 ring mail; an orc corpse Unknown command.
Found a large runed translucent door.
You feel a strong urge to attack something.
The orc knight hits you from afar with a +0 glaive!
The orc warrior hits you from afar with a +0 halberd.
You are no longer berserk.
You are exhausted.
You feel yourself slow down.
The deep elf pyromancer shouts!
The orc warrior hits you from afar with a +0 halberd!
* * * LOW HITPOINT WARNING * * *
The orc warrior hits you with a +0 halberd.
* * * LOW HITPOINT WARNING * * *
Unknown command.
You slash the orc knight!
The orc knight is lightly wounded.
You closely miss the orc warrior. The orc warrior closely misses you.
The orc knight hits you with a +0 glaive.
* * * LOW HITPOINT WARNING * * *
The orc warrior hits you but does no damage.
Unknown command.
You fade into invisibility!
The orc warrior hits you from afar with a +0 halberd!
* * * LOW HITPOINT WARNING * * *
The orc knight closely misses you. You furiously retaliate!
You headbutt the orc knight.
The orc warrior hits you but does no damage.
The orc warrior barely misses you.
The orc warrior hits you with a +0 halberd!
* * * LOW HITPOINT WARNING * * *
The orc knight barely misses you.
Unknown command.
The orc knight hits you with a +0 glaive!!
You die...

#≈≈≈≈≈≈...#....#...♣
#≈≈≈≈............♣..
#≈≈≈................
#≈≈..####........###
#$.####''####.
#...)).).......
##..)8....8...#
#.)########..# #.@#
.# #o.# # #oo#..#
#..#..# #..#....
#..##....# #..#
#++## #... ...8 ....
....


You could see an orc knight (unable to see you) and 2 orc warriors.

Vanquished Creatures
  A water moccasin (D:7)
  3 orc warriors
  An ice beast (D:6)
  2 sky beasts (D:6)
  2 black bears (D:6)
  A centaur (D:6)
  4 ogres
  2 phantoms
  A kobold brigand (D:7)
  4 wights (D:6)
  3 killer bees (D:5)
  A howler monkey (D:6)
  4 bombardier beetles
  5 hounds
  3 jellies
  4 orc priests
  3 sleepcaps
  5 iguanas
  4 orc wizards
  7 gnolls
  8 adders
  2 white imps
  4 ufetubi
  3 ribbon worms
  21 orcs
  8 ball pythons
  8 bats
  6 endoplasms
  7 giant cockroaches
  7 goblins
  4 hobgoblins
  7 jackals
  5 quokkas
  4 frilled lizards
  11 kobolds
  2 rats
167 creatures vanquished.

Vanquished Creatures (collateral kills)
  A kobold brigand (D:7)
  2 kobolds (D:7)
3 creatures vanquished.

Vanquished Creatures (others)
  An orc wizard (D:4)
1 creature vanquished.

Grand Total: 171 creatures vanquished

Notes
Turn   | Place    | Note
-------+----------+-------------------------------------------
     0 | D:1      | tilp the Minotaur Berserker began the quest for the Orb.
     0 | D:1      | Reached XP level 1. HP: 19/19 MP: 0/0
   163 | D:1      | Found Yschu's Distillery.
   175 | D:1      | Reached XP level 2. HP: 27/27 MP: 1/1
   243 | D:1      | Bought a potion of curing for 30 gold pieces
   455 | D:1      | Reached skill level 4 in Axes
   840 | D:1      | Bought a potion of might for 40 gold pieces
  1209 | D:2      | Reached XP level 3. HP: 31/33 MP: 2/2
  1275 | D:2      | HP: 1/33 [gnoll/+1 flail of protection (1)]
  1278 | D:2      | Reached skill level 1 in Stealth
  1613 | D:2      | Reached ** piety under Trog
  1737 | D:2      | Reached XP level 4. HP: 40/40 MP: 3/3
  1792 | D:1      | Bought a potion of lignification for 30 gold pieces
  2190 | D:3      | Identified the +2 spear "Geonn" {freeze, rC+ Int-5 Dex+8}
  2464 | D:3      | Reached skill level 5 in Axes
  2614 | D:3      | Reached XP level 5. HP: 46/47 MP: 4/4
  3044 | D:4      | Reached XP level 6. HP: 33/53 MP: 5/5
  3185 | D:4      | Reached skill level 5 in Fighting
  3185 | D:4      | Reached skill level 6 in Axes
  3281 | D:4      | Found a sacrificial altar of Ru.
  3570 | D:5      | Entered Level 5 of the Dungeon
  3840 | D:5      | Reached XP level 7. HP: 61/61 MP: 6/6
  3865 | D:5      | Reached *** piety under Trog
  3885 | D:5      | Reached skill level 7 in Axes
  3973 | D:5      | Identified the +4 rapier "Umuyla" {flame, rF- Dex+5}
  4573 | D:5      | Reached skill level 8 in Axes
  4573 | D:5      | Reached skill level 5 in Dodging
  4610 | D:5      | Reached XP level 8. HP: 55/70 MP: 7/7
  4966 | D:1      | Bought a potion of invisibility for 80 gold pieces
  4966 | D:1      | Bought a potion of enlightenment for 50 gold pieces
  5381 | D:6      | Reached skill level 9 in Axes
  6117 | D:6      | Reached skill level 10 in Axes
  6188 | D:6      | Reached XP level 9. HP: 72/80 MP: 8/8
  6548 | D:6      | Found a staircase to the Ecumenical Temple.
  6827 | D:6      | Reached skill level 11 in Axes
  6901 | D:6      | Found a broken altar of Ashenzari.
  6914 | D:6      | Found an ancient bone altar of Kikubaaqudgha.
  6917 | D:6      | Found a basalt altar of Yredelemnul.
  7131 | D:1      | Bought a potion of resistance for 100 gold pieces
  7433 | D:7      | Found a flagged portal.
  7484 | Bailey   | Entered a bailey
  7564 | Bailey   | Reached skill level 12 in Axes
  7564 | Bailey   | Noticed an orc knight
  7568 | Bailey   | Found a large runed translucent door.
  7568 | Bailey   | Found a large runed translucent door.
  7569 | Bailey   | Noticed a deep elf pyromancer
  7572 | Bailey   | Mangled by an orc knight

Illustrated notes

Levels and vault maps discovered:
D:1:      lightli_iron_boxes, layout_basic, serial_shops, nicolae_square_shop
D:2:      layout_loops_cross
D:3:      layout_loops_corners
D:4:      layout_cave_pools, nicolae_ru_great_annihilating_truth,
          minmay_misc_feat_diagonals
D:5:      layout_basic
D:6:      layout_loops_corners, minmay_overflow_temple_star_quad,
          minmay_temple_entry_nine_rooms, nicolae_benzene_ring,
          hangedman_abyss_or_decor_lesser_grid, minmay_diced_spiral
D:7:      layout_basic, enter_bailey_8, lemuel_flame_loot_1
Bailey:   bailey_polearm_elven_captive_hellmonk, bailey

Skill      XL: |  1  2  3  4  5  6  7  8  9 |
---------------+----------------------------+-----
Axes           | 4 5 6 8 10 12 | 12.0
Fighting       | 4 5 6 7 9 |  9.0
Armour         | 3 4 |  4.0
Stealth        | 1 2 |  2.0
Dodging        | 3 4 5 6 |  6.0

Action                     |  1- 3 |  4- 6 |  7- 9 || total
---------------------------+-------+-------+-------++-------
  Melee: Hand axe          |    89 |   146 |       ||   235
         Headbutt          |    12 |    26 |    25 ||    63
         War axe           |       |    13 |   214 ||   227
  Throw: Dart              |       |       |     1 ||     1
 Invoke: Berserk           |       |     3 |     4 ||     7
         Trog's Hand       |       |       |     1 ||     1
    Use: Potion            |       |     1 |     1 ||     2
         Scroll            |       |       |    11 ||    11
   Stab: Paralysed         |       |     1 |       ||     1
 Armour: Ring mail         |    22 |       |       ||    22
         Plate armour      |    60 |    36 |    19 ||   115
         Chain mail        |       |    71 |   189 ||   260
  Dodge: Dodged            |    33 |    63 |   107 ||   203
